 Dungeon Crawl Stone Soup version 0.18.1-48-g4cf74bf (webtiles) character file.

11330 juanjsm the Thaumaturge (level 11, -5/56 HPs)
             Began as a Spriggan Enchanter on July 13, 2016.
             Was a High Priest of Okawaru.
             Slain by an earth elemental (22 damage)
             ... on level 10 of the Dungeon.
             The game lasted 01:03:12 (11807 turns).

juanjsm the Thaumaturge (Spriggan Enchanter)       Turns: 11807, Time: 01:03:13

Health: -5/56      AC:  5    Str:  2    XL:     11   Next: 47%
Magic:  16/27      EV: 33    Int: 16    God:    Okawaru [*****.]
Gold:   665        SH:  0    Dex: 25    Spells: 5 memorised, 21 levels left

rFire  . . .     SeeInvis +     F - +1 dagger (venom)
rCold  . . .     Gourm    .     l - +1 robe {MR+}
rNeg   . . .     Faith    .     (shield restricted)
rPois  .         Spirit   .     (helmet restricted)
rElec  +         Dismiss  .     u - +1 cloak
rCorr  .         Reflect  .     (gloves unavailable)
SustAt .         Harm     .     (boots unavailable)
MR     ++...                    Z - amulet of magic regeneration
Stlth  ++++++....               y - ring of Happiness {rElec EV+3 Str-2 Dex+4}
                                q - ring of wizardry

@: very quick, very resistant to hostile enchantments, very stealthy
A: unfitting armour, see invisible, herbivore 3, speed 3, slow metabolism 2
a: Heroism, Finesse, Renounce Religion


You were on level 10 of the Dungeon.
You worshipped Okawaru.
Okawaru was extremely pleased with you.
You were hungry.

You visited 2 branches of the dungeon, and saw 12 of its levels.
You also visited: Labyrinth.

You collected 665 gold pieces.

Inventory:

Hand Weapons
 F - a +1 dagger of venom (weapon)
Missiles
 Q - 14 needles of confusion
 T - 43 poisoned needles
 X - 2 throwing nets (quivered)
Armour
 l - a +1 robe of magic resistance (worn)
 u - a +1 cloak (worn)
 W - the +9 armour of the Dragon King {rPois rF+ rC+ MR+}
   (You found it on level 4 of the Dungeon)

   It protects you from fire.
   It protects you from cold.
   It protects you from poison.
   It affects your resistance to hostile enchantments.
Rods
 R - a +1 rod of shadows (13/13)
   (You found it on level 9 of the Dungeon)
 U - a +2 iron rod (13/13)
   (You found it in a labyrinth)
Jewellery
 b - a +3 ring of protection
 q - a ring of wizardry (left hand)
 y - the ring of Happiness (right hand) {rElec EV+3 Str-2 Dex+4}
   (You found it in a labyrinth)

   [ring of evasion]

   It affects your evasion (+3).
   It affects your strength (-2).
   It affects your dexterity (+4).
   It insulates you from electricity.
 J - an uncursed amulet of regeneration
 V - an uncursed ring of protection from cold
 Z - an amulet of magic regeneration (around neck)
Wands
 g - a wand of disintegration (8/24)
 k - a wand of polymorph (17/24)
 D - a wand of digging (12/24)
 L - a wand of enslavement (11/24)
 P - a wand of flame (21/48)
 Y - a wand of acid (4/15)
Scrolls
 a - a scroll of vulnerability {unknown}
 e - 3 scrolls of enchant armour {unknown}
 f - a scroll of amnesia {unknown}
 i - 7 scrolls of identify
 j - 4 scrolls of enchant weapon {unknown}
 p - 4 scrolls of remove curse
 r - 5 scrolls of noise
 s - 2 scrolls of recharging {unknown}
 t - 4 scrolls of fear {unknown}
 v - 2 scrolls of magic mapping {unknown}
 z - a scroll of blinking {unknown}
 B - 3 scrolls of teleportation {unknown}
 N - a scroll of random uselessness {unknown}
Potions
 h - 2 potions of brilliance
 m - 6 potions of curing
 n - a potion of ambrosia
 o - 4 potions of heal wounds
 x - a potion of resistance
 A - 2 potions of flight
 C - 3 potions of agility
 H - 2 potions of haste
 S - a potion of might
Books
 c - a book of Maledictions

   Spells                             Type                      Level
   a - Corona                         Hexes                        1
   b - Ensorcelled Hibernation        Hexes/Ice                    2
   c - Confuse                        Hexes                        3
   d - Tukima's Dance                 Hexes                        3
   e - Dazzling Spray                 Conjuration/Hexes            3
 w - a book of Alchemy

   Spells                             Type                      Level
   a - Sublimation of Blood           Necromancy                   2
   b - Ignite Poison                  Fire/Transmutation/Poison    3
   c - Petrify                        Transmutation/Earth          4
   d - Alistair's Intoxication        Transmutation/Poison         5
   e - Irradiate                      Conjuration/Transmutation    5
 E - a Young Poisoner's Handbook

   Spells                             Type                      Level
   a - Sting                          Conjuration/Poison           1
   b - Cure Poison                    Poison                       2
   c - Mephitic Cloud                 Conjuration/Poison/Air       3
   d - Olgreb's Toxic Radiance        Poison                       4
   e - Venom Bolt                     Conjuration/Poison           5
 G - a book of Conjurations

   Spells                             Type                      Level
   a - Magic Dart                     Conjuration                  1
   b - Searing Ray                    Conjuration                  2
   c - Dazzling Spray                 Conjuration/Hexes            3
   d - Fulminant Prism                Conjuration/Hexes            4
   e - Iskenderun's Mystic Blast      Conjuration                  4
   f - Iskenderun's Battlesphere      Conjuration/Charms           5
 I - a book of Beasts

   Spells                             Type                      Level
   a - Summon Butterflies             Summoning                    1
   b - Call Canine Familiar           Summoning                    3
   c - Summon Ice Beast               Ice/Summoning                4
   d - Summon Mana Viper              Hexes/Summoning              5
   e - Summon Hydra                   Summoning                    7
Miscellaneous
 M - a fan of gales
 O - a phial of floods
Comestibles
 d - 12 bread rations
 K - 2 royal jellies


   Skills:
 + Level 5.4 Fighting
 + Level 7.4 Short Blades
 + Level 9.8 Dodging
 + Level 11.7 Stealth
 * Level 11.9 Spellcasting
 + Level 9.1 Hexes
 + Level 3.6 Evocations


You had 21 spell levels left.
You knew the following spells:

 Your Spells              Type           Power        Failure   Level  Hunger
a - Corona                Hex            #####..      1%          1    None
b - Ensorcelled Hibernat  Hex/Ice        ###...       1%          2    None
c - Confuse               Hex            #####...     1%          3    None
d - Dazzling Spray        Conj/Hex       ###...       1%          3    None
e - Mephitic Cloud        Conj/Pois/Air  #.......     12%         3    None


Dungeon Overview and Level Annotations

Branches:
Dungeon (11/15)            Temple (1/1) D:5             Orc (0/2) D:9
   Lair: D:8-11

Altars:
Ashenzari
Cheibriados
Dithmenos
Elyvilon
Fedhas
Gozag
Kikubaaqudgha
Makhleb
Nemelex Xobeh
Okawaru
Pakellas
Qazlal
Ru
Sif Muna
Trog
Vehumet
Xom
Yredelemnul
Zin
The Shining One

Annotations:
D:8 TBriggs11TB's ghost, novice MiFi


Innate Abilities, Weirdness & Mutations

You are tiny and cannot use many weapons and most armour.
You have supernaturally acute eyesight.
You are a herbivore.
You cover ground extremely quickly.
You need consume almost no food.


Message History

The earth elemental is moderately damaged.
The spray of energy hits the earth elemental.
The earth elemental is moderately damaged.
The spray of energy hits the earth elemental.
The earth elemental completely misses you.
Casting: Dazzling Spray
Confirm with . or Enter, or press ? or * to list all spells.
Aiming: Dazzling Spray
Press: ? - help, Shift-Dir - straight line, f/p - earth elemental
Aim: an earth elemental (moderately damaged)
The spray of energy hits the earth elemental.
The earth elemental is moderately damaged.
The spray of energy hits the earth elemental.
The earth elemental is moderately damaged.
The spray of energy hits the earth elemental.
The earth elemental is lightly damaged.
The earth elemental hits you!!!
Ouch! That really hurt!
The earth elemental hits you!!
You die...

########## #...
#<......<# #...
#........# #...
#........# #...
#...??...#############...
#...!!...#...............
#........#..#########....
#.....oEE#..# #....
#>....EE@#..# #....
#########..# #....
#.....# #....
#.....#########....
#..................
#.................ยง
#..................
#..................
#..................


You could see 4 earth elementals and an orc priest (blind).

Vanquished Creatures
  A minotaur (Lab)
  A hill giant (D:10)
  An ugly thing (D:9)
  4 gargoyles (Lab)
  A polar bear (D:10)
  A minotaur skeleton (Lab)
  5 redbacks (Lab)
  2 shadows (Lab)
  A wyvern (D:9)
  A hippogriff (D:8)
  14 yaks
  A hungry ghost (Lab)
  6 orc warriors
  2 ice beasts
  A sky beast (D:7)
  A black bear (D:6)
  An eye of draining (D:9)
  A necrophage (D:9)
  A wolf (D:10)
  A phantom (D:8)
  7 ogres
  5 centaurs
  A big kobold (D:9)
  A giant frog (D:7)
  2 scorpions
  2 vampire bats (D:3)
  3 wights (D:11)
  An electric eel (D:10)
  A howler monkey (D:7)
  6 crimson imps
  A jelly (D:8)
  A wyvern simulacrum (D:10)
  7 hounds
  A giant frog skeleton (D:4)
  A gnoll shaman (D:9)
  5 orc priests
  Jessica (D:2)
  7 iguanas
  Terence (D:2)
  16 orc wizards
  5 worker ants
  A statue (D:8)
  2 hound skeletons
  A worker ant zombie (D:5)
  9 gnolls
  10 adders
  5 shadow imps
  A worker ant simulacrum (D:10)
  An ooze (D:2)
  An adder zombie (D:5)
  An adder skeleton (D:4)
  4 worms
  2 dart slugs (D:3)
  3 giant geckos
  50 orcs
  2 giant cockroaches
  4 goblins
  6 hobgoblins
  10 jackals
  8 quokkas
  16 bats
  4 giant newts
  A jackal skeleton (D:6)
  17 kobolds
  9 rats
290 creatures vanquished.

Vanquished Creatures (others)
  A fungus (D:11)
  5 plants (D:11)
6 creatures vanquished.

Grand Total: 296 creatures vanquished

Notes
Turn   | Place    | Note
--------------------------------------------------------------
     0 | D:1      | juanjsm the Spriggan Enchanter began the quest for the Orb.
     0 | D:1      | Reached XP level 1. HP: 9/9 MP: 5/5
   433 | D:2      | Reached XP level 2. HP: 13/13 MP: 7/7
   438 | D:2      | Learned a level 2 spell: Ensorcelled Hibernation
   510 | D:2      | Noticed Jessica
   519 | D:2      | Killed Jessica
   519 | D:2      | Reached XP level 3. HP: 16/16 MP: 1/8
   526 | D:2      | Learned a level 3 spell: Confuse
   677 | D:2      | Noticed Terence
  1108 | D:2      | Killed Terence
  1108 | D:2      | Reached skill level 5 in Stealth
  1108 | D:2      | Reached XP level 4. HP: 17/21 MP: 2/10
  1114 | D:2      | Learned a level 3 spell: Dazzling Spray
  1816 | D:2      | Found a deep blue altar of Sif Muna.
  1931 | D:4      | Reached XP level 5. HP: 25/25 MP: 5/12
  1966 | D:3      | Found a shattered altar of Ashenzari.
  2416 | D:3      | Reached skill level 1 in Fighting
  2453 | D:3      | Reached skill level 5 in Spellcasting
  2453 | D:3      | Reached XP level 6. HP: 25/30 MP: 1/14
  3010 | D:5      | Entered Level 5 of the Dungeon
  3334 | D:5      | Found a staircase to the Ecumenical Temple.
  3338 | Temple   | Entered the Ecumenical Temple
  3401 | Temple   | Became a worshipper of Warmaster Okawaru
  3570 | D:5      | Reached XP level 7. HP: 25/34 MP: 0/16
  3619 | D:5      | Noticed a yak
  3622 | D:5      | Noticed a yak
  3624 | D:5      | Noticed a yak
  3624 | D:5      | Noticed a yak
  3625 | D:5      | Noticed a yak
  3776 | D:5      | Reached skill level 5 in Hexes
  3804 | D:5      | Reached skill level 5 in Dodging
  3813 | D:5      | Reached * piety under Okawaru
  4150 | D:5      | Killed a yak
  4210 | D:5      | Killed a yak
  4210 | D:5      | Reached XP level 8. HP: 39/39 MP: 5/19
  4378 | D:5      | Reached ** piety under Okawaru
  5049 | D:6      | Reached *** piety under Okawaru
  5049 | D:6      | Reached XP level 9. HP: 44/44 MP: 4/22
  5379 | D:6      | Reached skill level 5 in Short Blades
  6361 | D:7      | Learned a level 3 spell: Mephitic Cloud
  6704 | D:8      | Found a radiant altar of Vehumet.
  6793 | D:8      | Reached **** piety under Okawaru
  7266 | D:8      | Noticed TBriggs11TB's ghost (novice MiFi)
  7499 | D:8      | Reached XP level 10. HP: 26/50 MP: 14/24
  7770 | D:8      | Reached skill level 10 in Stealth
  8006 | D:10     | Entered Level 10 of the Dungeon
  8194 | D:9      | Found a staircase to the Orcish Mines.
  8281 | D:9      | Reached skill level 10 in Spellcasting
  8557 | D:9      | Reached ***** piety under Okawaru
  8596 | D:9      | Noticed a green ugly thing
  8840 | D:9      | Killed a green ugly thing
  9645 | D:11     | Found a labyrinth entrance.
  9658 | D:11     | Reached skill level 1 in Evocations
  9712 | Lab      | Entered a labyrinth
  9965 | Lab      | Reached skill level 5 in Fighting
 10267 | Lab      | Noticed a gargoyle
 10269 | Lab      | Noticed a gargoyle
 10273 | Lab      | Noticed a gargoyle
 10274 | Lab      | Killed a gargoyle
 10274 | Lab      | Reached XP level 11. HP: 55/55 MP: 27/27
 10555 | Lab      | Received a gift from Okawaru
 10556 | Lab      | Got a smoking cloak {god gift}
 10567 | Lab      | Identified the -4 cloak of Grottiness {Str+2} (Okawaru gifted it to you in a labyrinth)
 10901 | Lab      | Found an exit through the horrors of the Abyss.
 11110 | Lab      | Noticed a minotaur
 11112 | Lab      | Killed a minotaur
 11135 | Lab      | Got a slimy wooden ring
 11136 | Lab      | Identified the ring of Happiness {rElec EV+3 Str-2 Dex+4} (You found it in a labyrinth)
 11149 | Lab      | Identified a +1 rod of shadows (13/13) (You found it on level 9 of the Dungeon)
 11532 | D:10     | Noticed a hill giant
 11547 | D:10     | Killed a hill giant
 11807 | D:10     | Slain by an earth elemental

Skill      XL: |  1  2  3  4  5  6  7  8  9 10 11 |
---------------+----------------------------------+-----
Spellcasting   | 3 4 5 6 8 9 11 | 11.9
Hexes          | 4 5 6 7 8 9 |  9.1
Stealth        | 5 6 7 8 9 11 | 11.7
Short Blades   | 2 3 4 5 6 7 |  7.4
Dodging        | 4 5 7 8 9 |  9.8
Fighting       | 1 2 3 4 5 |  5.4
Evocations     | 2 3 |  3.6

Action                   |  1- 3 |  4- 6 |  7- 9 | 10-12 || total
-------------------------+-------+-------+-------+-------++-------
Melee: Dagger            |    64 |   241 |   221 |   229 ||   755
 Cast: Corona            |     8 |       |       |       ||     8
       Ensorcelled Hiber |     9 |    55 |   110 |    73 ||   247
       Confuse           |     8 |    12 |    16 |    30 ||    66
       Dazzling Spray    |       |       |     2 |    16 ||    18
  Use: Potion            |       |       |       |     3 ||     3
       Scroll            |       |       |       |    10 ||    10
 Stab: Sleeping          |    10 |    54 |    86 |    51 ||   201
       Confused          |     5 |     6 |     9 |    20 ||    40
       Distracted        |       |     1 |       |     3 ||     4
       Invisible         |       |       |     2 |     6 ||     8
  Eat: Bread ration      |       |     1 |       |       ||     1
       Fruit             |       |       |     2 |     1 ||     3
       Pizza             |       |       |       |     1 ||     1
Armor: Robe              |     2 |    27 |    10 |    11 ||    50
Dodge: Dodged            |    47 |   191 |   154 |   213 ||   605
